 Dungeon Crawl Stone Soup version 0.26-a0-597-gb535b0901c (webtiles) character file.

Game seed: 2977538213457280059

380 ANON1729 the Skirmisher (level 6, -3/53 HPs)
             Began as a Demonspawn Wanderer on Aug 25, 2020.
             Slain by Duvessa
             ... wielding a cursed +0 rapier
              (12 damage)
             ... on level 5 of the Dungeon.
             The game lasted 00:03:29 (3579 turns).

ANON1729 the Skirmisher (Demonspawn Wanderer)       Turns: 3579, Time: 00:03:29

Health: -3/53      AC:  2    Str: 14    XL:     6   Next: 46%
Magic:  6/6        EV: 17    Int: 15    God:
Gold:   362        SH:  0    Dex: 11    Spells: 5/5 levels left

rFire    . . .     SeeInvis .   k - +2 dagger (venom)
rCold    . . .     Faith    .   (no shield)
rNeg     . . .     Spirit   .   e - +0 robe
rPois    +         Reflect  .   (no helmet)
rElec    .         Harm     .   (no cloak)
rCorr    .                      (no gloves)
MR       .....                  (no boots)
Stlth    ++........             (no amulet)
HPRegen  0.17/turn              p - +4 ring of evasion
MPRegen  0.10/turn              i - ring of poison resistance

@: mighty
A: claws 1
a: no special abilities


You were on level 5 of the Dungeon.
You visited 1 branch of the dungeon, and saw 5 of its levels.

You collected 362 gold pieces.

Inventory:

Hand Weapons
 a - a +2 dagger
 c - a +0 short sword
 k - a +2 dagger of venom (weapon)
Armour
 e - a +0 robe (worn)
Jewellery
 g - an uncursed ring of protection from magic
 i - a ring of poison resistance (right claw)
 p - a +4 ring of evasion (left claw)
Wands
 u - a wand of enslavement (8)
Scrolls
 b - a scroll of blinking
 d - 5 scrolls of teleportation
 f - 2 scrolls of remove curse
 l - 4 scrolls of identify
 n - 3 scrolls of amnesia
 q - a scroll of fog {unknown}
 r - a scroll of immolation {unknown}
 v - a scroll of enchant weapon {unknown}
 w - a scroll of magic mapping {unknown}
 x - a scroll of noise {unknown}
 y - a scroll of fear {unknown}
Potions
 h - a potion of might
 j - a potion of degeneration {unknown}
 m - a potion of stabbing {unknown}
 o - a potion of curing {unknown}
 s - 3 potions of heal wounds {unknown}
 t - a potion of brilliance {unknown}


   Skills:
 + Level 6.9 Fighting
 + Level 3.0 Short Blades
 + Level 3.0 Dodging
 + Level 3.2 Stealth
   Level 1.0 Shields


You had 5 spell levels left.
You didn't know any spells.
Your spell library was empty.

Dungeon Overview and Level Annotations

Branches:
Dungeon (5/15)             Temple (0/1) D:5

Altars:
Trog
Wu Jian
The Shining One

Annotations:
D:5 exclusion: oklob sapling, Duvessa


Innate Abilities, Weirdness & Mutations

You have sharp fingernails.


Message History

A hound comes into view.
You hit Duvessa but do no damage.
Duvessa is poisoned.
Duvessa hits you with a cursed +0 rapier.
You hit Duvessa but do no damage.
Duvessa looks as sick as possible!
Duvessa is lightly wounded.
Duvessa hits you with a cursed +0 rapier!
You hit Duvessa but do no damage.
Duvessa looks as sick as possible!
Duvessa is lightly wounded.
Duvessa completely misses you.
Duvessa hits you with a cursed +0 rapier!
* * * LOW HITPOINT WARNING * * *
You are too injured to fight recklessly!
It was a potion of might.
You feel very mighty all of a sudden.
Duvessa hits you with a cursed +0 rapier!
* * * LOW HITPOINT WARNING * * *
You closely miss Duvessa.
Duvessa is lightly wounded.
Duvessa hits you with a cursed +0 rapier!
You die...

#...##....##.. #..
#...##....# # #..
#............ #..
#'####....... #..
##+####...##........
#..
....................
#..
.............<.....
..........##...
...##..@.h# .. ..
#..)e...... .
#...........
#...........
#...........
##.....##... #.....#
... ....... ..


You could see Duvessa (berserk, extremely poisoned) and a hound.

Vanquished Creatures
  A scorpion (D:4)
  Dowan (D:5)
  A hound (D:4)
  4 worker ants
  An iguana (D:4)
  A hound skeleton (D:4)
  4 adders
  An adder skeleton (D:5)
  6 worms
  5 dart slugs
  4 giant cockroaches
  9 goblins
  5 hobgoblins
  6 kobolds
  2 quokkas
  A ball python skeleton (D:4)
  4 bats
  5 frilled lizards
  A quokka skeleton (D:4)
  3 rats
65 creatures vanquished.

Notes
Turn   | Place    | Note
-------+----------+-------------------------------------------
     0 | D:1      | ANON1729 the Demonspawn Wanderer began the quest for the
                  | Orb.
     0 | D:1      | ANON1729 set off with the following items: a +2 dagger, a
                  | scroll of blinking, a +0 short sword, a scroll of
                  | teleportation, a +0 robe
     0 | D:1      | Reached XP level 1. HP: 22/22 MP: 1/1
   176 | D:1      | Gained mutation: You have sharp fingernails. [demonic
                  | ancestry]
   176 | D:1      | Reached XP level 2. HP: 28/28 MP: 2/2
   787 | D:2      | Reached XP level 3. HP: 18/34 MP: 3/3
  1494 | D:2      | Found a glowing golden altar of the Shining One.
  1896 | D:2      | Found an ornate altar of the Wu Jian Council.
  2210 | D:3      | Reached XP level 4. HP: 41/41 MP: 4/4
  2646 | D:4      | Reached XP level 5. HP: 37/47 MP: 5/5
  2986 | D:4      | Reached XP level 6. HP: 40/53 MP: 6/6
  3451 | D:5      | Entered Level 5 of the Dungeon
  3451 | D:5      | Found a staircase to the Ecumenical Temple.
  3488 | D:5      | Found a bloodstained altar of Trog.
  3565 | D:5      | Noticed Dowan
  3566 | D:5      | Noticed Duvessa
  3574 | D:5      | Killed Dowan
  3579 | D:5      | Slain by Duvessa

Illustrated notes

Levels and vault maps discovered:
D:1:      sevenhm_arrival_forest_fort_small_4, layout_loops_cross,
          chequers_serial_rivers_room_a, minmay_misc_feat_more_columns
D:2:      layout_loops_ring, lemuel_round_altar, lemuel_coloured_pillars_altar,
          minmay_cut_off
D:3:      layout_basic
D:4:      layout_loops_ring
D:5:      layout_gridville, kennysheep_mini_moat, old_standard_altar,
          minmay_temple_entry_oklob, uniq_duvessa, uniq_pikel

Skill      XL: |  1  2  3  4  5  6 |
---------------+-------------------+-----
Short Blades   | 2 3 |  3.0
Dodging        | 2 3 |  3.0
Stealth        | 2 3 |  3.2
Fighting       | |  6.9
Shields        | |  1.0

Action                   |  1- 3 |  4- 6 || total
-------------------------+-------+-------++-------
Melee: Dagger            |   103 |    99 ||   202
  Use: Scroll            |       |     3 ||     3
       Potion            |       |     1 ||     1
 Stab: Sleeping          |     2 |     6 ||     8
Armor: Robe              |    20 |    11 ||    31
Dodge: Dodged            |    47 |    54 ||   101

Table legend: (Time is in decaauts)
 A = Elapsed time spent in this place.
 B = Non-inter-level travel time spent in this place.
 C = Inter-level travel time spent in this place.
 D = Time resting spent in this place.
 E = Time spent auto-exploring this place.
 F = Levels seen in this place.
 G = Mean time per level.
                   A        B        C        D        E       F      G
               +--------+--------+--------+--------+--------+-----+--------+
         Total |   3566 |   3459 |    107 |    726 |   2239 |   5 |  713.2 |
       Dungeon |   3566 |   3459 |    107 |    726 |   2239 |   5 |  713.2 |
               +--------+--------+--------+--------+--------+-----+--------+

Top non-repeatable levels by time:
     D:1: 1154 daAuts
     D:2: 849 daAuts
     D:4: 811 daAuts
     D:3: 625 daAuts
     D:5: 125 daAuts
